 Dungeon Crawl Stone Soup version 0.14-a0-181-gf6fe0c6 (webtiles) character file.

224 Malachi the Charmwright (level 3, -3/28 HPs)
             Began as a Draconian Skald on Oct 7, 2013.
             Slain by a worker ant (5 damage)
             ... on Level 3 of the Dungeon.
             The game lasted 00:02:17 (1402 turns).

Malachi the Charmwright (Draconian Skald)           Turns: 1402, Time: 00:02:17

HP  -3/28        AC  5     Str 14      XL: 3   Next: 35%
MP   6/6         EV 12     Int 13      God:
Gold 182         SH  0     Dex 10      Spells:  1 memorised,  5 levels left

Res.Fire  : . . .   See Invis. : .   o - -1,+1 orc war axe
Res.Cold  : . . .   Warding    : .   (armour unavailable)
Life Prot.: . . .   Conserve   : .   (no shield)
Res.Poison: .       Res.Corr.  : .   (helmet restricted)
Res.Elec. : .       Clarity    : .   (no cloak)
Sust.Abil.: . .     Spirit.Shd : .   (no gloves)
Res.Mut.  : .       Stasis     : .   (no boots)
Res.Rott. : .       Flight     : .   (no amulet)
Saprovore : . . .                    (no ring)
                                     (no ring)

@: mildly poisoned, not resistant to hostile enchantments, unstealthy
A: unfitting armour, AC +5
a: no special abilities


You were on level 3 of the Dungeon.
You were hungry.

You visited 1 branch of the dungeon, and saw 3 of its levels.

You collected 162 gold pieces.

Inventory:

Hand weapons
 a - a +1,+0 mace
 o - a -1,+1 orcish war axe (weapon)
Comestibles
 d - 3 bread rations
 n - a meat ration
Scrolls
 e - 3 scrolls of identify {unknown}
 f - a scroll of curse weapon {unknown}
 k - a scroll of teleportation {unknown}
 m - a scroll of remove curse {unknown}
Jewellery
 g - an uncursed amulet of rage {unknown}
 i - an uncursed ring of see invisible {unknown}
Potions
 b - a potion of curing
 h - 2 potions of heal wounds {unknown}
 j - a potion of cure mutation {unknown}
 l - a potion of brilliance {unknown}
Books
 c - a book of Battle

   Spells                             Type                      Level
   *Infusion                          Charms                       1
   Shroud of Golubria                 Charms/Translocation         2
   Song of Slaying                    Charms                       2
   Spectral Weapon                    Hexes/Charms                 3
   Regeneration                       Charms/Necromancy            3
   Song of Shielding                  Charms                       4


   Skills:
 + Level 2.5 Fighting
 + Level 2.4 Maces & Flails
 + Level 2.1 Dodging
 + Level 2.1 Spellcasting
 + Level 3.1 Charms


You had 5 spell levels left.
You knew the following spells:

 Your Spells              Type           Power        Failure   Level  Hunger
a - Infusion              Chrm           #.....       10%         1    ##.....


Dungeon Overview and Level Annotations

Branches:
Dungeon (3/27)

Altars:


Message History

You closely miss the kobold. You slash the worker ant!
The worker ant is severely wounded.
The worker ant closely misses you. The kobold hits you but does no damage.
The worker ant bites you but does no damage.
You hit the worker ant.
The worker ant is almost dead.
You barely miss the kobold. The worker ant bites you. The kobold hits you.
* * * LOW HITPOINT WARNING * * *
The worker ant misses you. The kobold misses you.
You barely miss the worker ant.
The worker ant is almost dead.
You barely miss the kobold. The worker ant bites you.
* * * LOW HITPOINT WARNING * * *
The kobold closely misses you. The worker ant closely misses you.
You closely miss the worker ant.
The worker ant is almost dead.
You hit the kobold.
The kobold is severely wounded.
The kobold barely misses you. The worker ant bites you.
You die...

###+##### #############
###.......(...#########+
..............##>.......
#....a(..)..##........
#....@....(.#.<.......
#...K....(.(#.........
#.....................
#...........##........
########.#####..%.....
#..# ######'## #.## ##.#
.. #..# ?.. #.##


You could see a worker ant and a kobold.

Vanquished Creatures
  An adder (D:2)
  A giant gecko (D:1)
  An ooze (D:1)
  An orc (D:3)
  2 giant cockroaches (D:1)
  3 goblins
  7 hobgoblins
  4 bats (D:2)
  3 giant newts
  A kobold (D:2)
  A quokka (D:3)
  7 rats
32 creatures vanquished.

Notes
Turn   | Place    | Note
--------------------------------------------------------------
     0 | D:1      | Malachi, the Draconian Skald, began the quest for the Orb.
     0 | D:1      | Reached XP level 1. HP: 16/16 MP: 3/3
     6 | D:1      | Noticed a wyvern
     6 | D:1      | Noticed a killer bee
     7 | D:1      | Noticed a komodo dragon
     8 | D:1      | Noticed a swamp worm
     8 | D:1      | Noticed a hog
   238 | D:1      | Reached XP level 2. HP: 7/23 MP: 5/5
   744 | D:2      | Reached skill level 3 in Charms
   849 | D:2      | Reached XP level 3. HP: 26/28 MP: 6/6
  1402 | D:3      | Slain by a worker ant

Action                   || total
-------------------------++-------
Melee: Mace              ||   117
       War axe           ||    10
  Use: Scroll            ||     3
       Potion            ||     2
